 Dungeon Crawl Stone Soup version 0.30.1-4-g462c640d31 (webtiles) character file.

Game seed: 6188331239873794377

165 Babbit the Digger (level 5, -2/35 HPs)
             Began as a Formicid Earth Elementalist on Aug 25, 2023.
             Asphyxiated
             ... in a sewer.
             The game lasted 00:15:22 (2459 turns).

Babbit the Digger (Formicid Earth Elementalist)     Turns: 2459, Time: 00:15:22

Health: -2/35      AC:  2    Str: 16    XL:     5   Next: 74%
Magic:  9/11       EV: 12    Int: 16    God:
Gold:   109        SH:  0    Dex: 14    Spells: 11/12 levels left

rFire   . . .        o - +1 dagger "Aryf Vumu" {flame, Str+3}
rCold   . . .        (no shield)
rNeg    . . .        a - +0 robe
rPois   .            (helmet unavailable)
rElec   .            (no cloak)
rCorr   .            (no gloves)
SInv    +            (no boots)
Will    .....        (no amulet)
Stlth   ++           (no ring)
HPRegen 0.25/turn    (no ring)
MPRegen 0.12/turn

%: no passive effects
@: lethally poisoned (-2 -> -15)
A: permanent stasis, dig shafts and tunnels, antennae 3, four strong arms
a: Dig


You were in a sewer.
You visited 1 branch of the dungeon, and saw 3 of its levels.
You also visited: Sewer.

You collected 109 gold pieces.

Inventory:

Hand Weapons
 o - the +1 dagger "Aryf Vumu" (weapon) {flame, Str+3}
   (You found it on level 2 of the Dungeon)

   Str:       It affects your strength (+3).
Armour
 a - a +0 robe (worn)
Scrolls
 d - a scroll of immolation {unknown}
 f - a scroll of magic mapping
 j - a scroll of teleportation {unknown}
 l - a scroll of silence {unknown}
Potions
 b - a potion of magic
 c - a potion of brilliance {unknown}
 h - a potion of invisibility
 i - a potion of flight
 k - a potion of ambrosia
 m - 2 potions of curing


   Skills:
 + Level 0.1 Fighting
 + Level 2.1 Dodging
 + Level 2.6 Stealth
 + Level 0.7 Unarmed Combat
 + Level 4.2 Spellcasting
 + Level 1.2 Transmutations
 + Level 5.1 Earth Magic


You had 11 spell levels left.
You knew the following spells:

 Your Spells              Type           Power      Damage    Failure   Level
a - Sandblast             Erth           38%        2d10      1%          1

Your spell library contained the following spells:

 Spells                   Type           Power      Damage    Failure   Level
 Passwall                 Tmut/Erth      10%        N/A       7%          2
 Stone Arrow              Conj/Erth      22%        3d8       17%         3
 Petrify                  Tmut/Erth      13%        N/A       41%         4


Dungeon Overview and Level Annotations

Branches:
Dungeon (3/15)              Sewer (1/1)

Altars:


Innate Abilities, Weirdness & Mutations

You cannot be hasted, slowed, berserked, paralysed or teleported.
You can dig through walls and to a lower floor.
You have a pair of large antennae on your head. (SInv)
Your four strong arms can wield two-handed weapons with a shield.


Message History

You feel better.
The kobold brigand throws a curare-tipped dart.
The curare-tipped dart barely misses you.
Aiming: Sandblast (safe; 1% risk of failure)
Press: ? - help, Q - select action, (/) - cycle Shift-Dir - straight line, f - you That would be overly suicidal.
Okay, then.
You see here a rat skeleton.
There is an empty arch of ancient stone here.
There is a gate leading back out of this place here.
The kobold brigand throws a curare-tipped dart.
The curare-tipped dart hits you.
You are poisoned.
You have difficulty breathing.
* * * LOW HITPOINT WARNING * * *
Your stasis prevents you from being slowed.
* * * LOW HITPOINT WARNING * * *
You feel very sick.
There is an empty arch of ancient stone here.
Aiming: Sandblast (safe; 1% risk of failure)
Press: ? - help, Q - select action, (/) - cycle Shift-Dir - straight line, f - you That would be overly suicidal.
Okay, then.
Aiming: Sandblast (safe; 1% risk of failure)
Press: ? - help, Q - select action, (/) - cycle Shift-Dir - straight line, f - you That would be overly suicidal.
Okay, then.
Aiming: Sandblast (safe; 1% risk of failure)
Press: ? - help, Q - select action, (/) - cycle Shift-Dir - straight line
Okay, then.
Unknown command.
* * * LOW HITPOINT WARNING * * *
You feel sick.
You see here a rat skeleton.
You feel better.
The kobold brigand throws a curare-tipped dart.
The curare-tipped dart hits you.
You are lethally poisoned!
You have difficulty breathing.
You die... ########################## #......∩∩@..K..~~~~~K~~~~~ ##########################

You could see a kobold brigand.

Vanquished Creatures
  A kobold brigand (Sewer)
  A river rat (Sewer)
  3 adders (D:2)
  A dart slug (D:2)
  A worm (D:2)
  2 ball pythons
  4 endoplasms
  3 giant cockroaches
  2 hobgoblins
  4 jackals (D:2)
  6 kobolds
  6 quokkas
  5 bats
  2 frilled lizards
  4 goblins
  6 rats
51 creatures vanquished.

Notes
Turn   | Place    | Note
-------+----------+-------------------------------------------
     0 | D:1      | Babbit the Formicid Earth Elementalist began the quest for
                  | the Orb.
     0 | D:1      | Reached XP level 1. HP: 13/13 MP: 3/3
    34 | D:1      | Found a faded altar of an unknown god.
   332 | D:1      | Reached XP level 2. HP: 19/19 MP: 1/5
  1015 | D:2      | Reached skill level 4 in Earth Magic
  1015 | D:2      | Reached XP level 3. HP: 24/24 MP: 2/6
  1519 | D:2      | Reached XP level 4. HP: 24/30 MP: 5/8
  2016 | D:2      | Identified the +1 dagger "Aryf Vumu" {flame, Str+3}
  2230 | D:3      | Found a glowing drain.
  2244 | Sewer    | Entered a sewer
  2394 | Sewer    | Noticed a kobold brigand
  2415 | Sewer    | Noticed a kobold brigand
  2422 | Sewer    | Killed a kobold brigand
  2423 | Sewer    | Reached skill level 5 in Earth Magic
  2423 | Sewer    | Reached XP level 5. HP: 35/35 MP: 4/11
  2459 | Sewer    | Asphyxiated

Illustrated notes

Levels and vault maps discovered:
D:1:      lemuel_arrival_room, layout_basic,
          hellmonk_ecumenical_altar_arch_garden
D:2:      layout_loops_cross, minmay_fountain_box, minmay_increasing_density
D:3:      layout_basic, mainiacjoe_overflow_24_doors,
          nicolae_overflow_crystal_walls, mainiacjoe_overflow_surrounded_room,
          lemuel_coloured_pillars_altar, portal_sewer_entry_f
Sewer:    sewer_kobolds

Skill      XL: |  1  2  3  4 |
---------------+-------------+-----
Dodging        | 2 |  2.1
Earth Magic    | 4 5 |  5.1
Spellcasting   | 3 4 |  4.2
Fighting       | |  0.1
Stealth        | |  2.6
Unarmed Combat | |  0.7
Transmutations | |  1.2

Action                     |  1- 3 |  4- 6 || total
---------------------------+-------+-------++-------
  Melee: Unarmed           |    15 |       ||    15
         Dagger            |       |    13 ||    13
   Cast: Sandblast         |    40 |    39 ||    79
    Use: Scroll            |       |     7 ||     7
         Potion            |       |     2 ||     2
 Armour: Robe              |    10 |     1 ||    11
  Dodge: Dodged            |    17 |    20 ||    37
